 Dungeon Crawl Stone Soup version 0.29-a0-561-ga02bf68b3c (webtiles) character file.

Game seed: 7640323358302406340

14835 Bruhh the Grappler (level 11, -4/113 (117) HPs)
             Began as a Troll Gladiator on June 11, 2022.
             Was an Elder of Okawaru.
             Killed from afar by Nergalle (20 damage)
             ... with a bolt of negative energy
             ... on level 1 of the Lair of Beasts.
             The game lasted 00:34:30 (11497 turns).

Bruhh the Grappler (Troll Gladiator)               Turns: 11497, Time: 00:34:30

HP:   -4/113 (117)  AC:  9    Str: 28    XL:     11   Next: 93%
MP:   9/15          EV: 11    Int:  4    God:    Okawaru [****..]
Gold: 823           SH:  0    Dex: 11    Spells: 10/10 levels left

rFire   + . .      SeeInvis .     - Unarmed
rCold   . . .      Faith    .   (no shield)
rNeg    . . .      Spirit   .   I - +0 acid dragon scales
rPois   .          Reflect  .   b - +0 hat
rElec   .          Harm     .   (no cloak)
rCorr   +          Rampage  .   (gloves unavailable)
Will    .....                   (boots unavailable)
Stlth   ++........              (no amulet)
HPRegen 1.08/turn               (no ring)
MPRegen 0.14/turn               (no ring)

@: lethally poisoned (-4 -> -5), about to teleport, heroic, finesse-ful, lightly
drained
A: large, unfitting armour, claws 3, regeneration 1, shaggy fur 1, tough skin 1,
hooves 1, fire resistance 1
a: Renounce Religion, Heroism, Finesse


You were on level 1 of the Lair of Beasts.
You worshipped Okawaru.
Okawaru was greatly pleased with you.
You visited 3 branches of the dungeon, and saw 13 of its levels.
You also visited: Ossuary.

You collected 823 gold pieces.

Inventory:

Missiles
 c - 4 throwing nets
 d - 8 large rocks (quivered)
 e - 13 boomerangs
 j - 3 javelins
Armour
 a - a +0 robe
 b - a +0 hat (worn)
 I - +0 acid dragon scales (worn)
Jewellery
 f - a ring of protection from fire
 q - a ring of positive energy
 r - the ring "Ofugg" {Ice rElec Int+3 Stlth+}
   (You took it off a wight on level 10 of the Dungeon)

   [ring of ice]

   It enhances your ice magic.
   Int:       It affects your intelligence (+3).
   rF:        It makes you vulnerable to fire.
   rC:        It protects you from cold.
   rElec:     It insulates you from electricity.
   Stlth:     It makes you more stealthy.
 w - a +6 ring of intelligence
 x - a ring of ice
 F - a +6 ring of strength
Wands
 u - a wand of polymorph (7)
 v - a wand of iceblast (13)
 y - a wand of digging (8)
 J - a wand of mindburst (7)
 L - a wand of flame (8)
Scrolls
 h - a scroll of fog
 k - a scroll of vulnerability
 l - 2 scrolls of teleportation
 m - a scroll of fear
 n - 2 scrolls of immolation
 o - 2 scrolls of silence
 s - 3 scrolls of amnesia
 t - 7 scrolls of poison
 G - 2 scrolls of identify
 H - 3 scrolls of enchant weapon {unknown}
Potions
 g - 3 potions of flight
 i - 2 potions of curing
 p - 3 potions of mutation
 z - a potion of ambrosia
 B - a potion of haste
 C - a potion of resistance
 D - a potion of magic
 E - 3 potions of attraction
Miscellaneous
 K - a tin of tremorstones (inert)


   Skills:
 - Level 10.0(15.0) Fighting
 + Level 8.9(13.9) Throwing
 - Level 2.4(7.4) Dodging
 - Level 10.0(15.0) Unarmed Combat
 + Level 7.8 Invocations


You had 10 spell levels left.
You didn't know any spells.
Your spell library contained the following spells:

 Spells                   Type           Power      Damage    Failure   Level
 Sandblast                Erth           0%         2d4       56%         1
 Shock                    Conj/Air       0%         1d3       56%         1
 Blink                    Tloc           0%         N/A       71%         2
 Ensorcelled Hibernation  Hex/Ice        0%         N/A       71%         2
 Passwall                 Tmut/Erth      0%         N/A       71%         2
 Sublimation of Blood     Necr           0%         N/A       71%         2
 Confusing Touch          Hex            0%         N/A       90%         3
 Lesser Beckoning         Tloc           0%         N/A       90%         3
 Ozocubu's Armour         Ice            0%         N/A       90%         3
 Portal Projectile        Hex/Tloc       0%         N/A       90%         3
 Stone Arrow              Conj/Erth      0%         3d7       90%         3
 Swiftness                Air            0%         N/A       90%         3
 Airstrike                Air            0%         N/A       100%        4
 Dispel Undead            Necr           0%         3d6       100%        4
 Leda's Liquefaction      Hex/Erth       0%         N/A       100%        4
 Agony                    Necr           0%         N/A       100%        5
 Fireball                 Conj/Fire      0%         3d3       100%        5
 Iskenderun's Battlesphe  Conj           0%         2d6       100%        5
 Manifold Assault         Tloc           0%         N/A       100%        5
 Yara's Violent Unravell  Hex/Tmut       0%         3d3       100%        5
 Conjure Ball Lightning   Conj/Air       0%         3x3d6     100%        6
 Enfeeble                 Hex            0%         N/A       100%        7
 Orb of Destruction       Conj           0%         9d5       100%        7
 Ozocubu's Refrigeration  Ice            0%         4d5       100%        7
 Death's Door             Necr           0%         N/A       100%        9
 Summon Small Mammal      Summ           Unusable   N/A       N/A         1
 Call Canine Familiar     Summ           Unusable   N/A       N/A         3
 Summon Guardian Golem    Hex/Summ       Unusable   N/A       N/A         3

Dungeon Overview and Level Annotations

Branches:
Dungeon (11/15)            Temple (1/1) D:4            Lair (1/6) D:10
Ossuary (visited)
    Orc: D:9-12

Altars:
Cheibriados
Dithmenos
Fedhas
Gozag
Hepliaklqana
Kikubaaqudgha
Makhleb
Nemelex Xobeh
Okawaru
Qazlal
Ru
Sif Muna
Vehumet
Wu Jian
Yredelemnul
Zin
The Shining One

Annotations:
D:4 2 transporters, Nedwor's ghost, novice MfFi
Lair:1 Nergalle


Innate Abilities, Weirdness & Mutations

You are too large for most types of armour.
You have claws for hands.
Your natural rate of healing is unusually fast.
You are covered in fur. (AC +1)
You have tough skin. (AC +1)
You have large cloven feet.
Your flesh is heat resistant. (rF+)


Message History

You are too injured to fight recklessly!
Unknown command.
The cane toad closely misses you. The cane toad barely misses you.
Okay, then.
Okay, then.
You gain the combat prowess of a mighty hero.
The cane toad stings you but does no damage.
The cane toad stings you.
You can now deal lightning-fast blows.
The cane toad stings you!
* * * LOW HITPOINT WARNING * * *
The cane toad barely misses you.
Okay, then.
The cane toad attacks as you move away! The cane toad barely misses you.
The cane toad stings you!
* * * LOW HITPOINT WARNING * * *
You mangle the cane toad!!
You kill the cane toad!
Okawaru accepts your kill.
You hear a shout!
Unknown command.
The cane toad stings you.
* * * LOW HITPOINT WARNING * * *
You are poisoned.
The cane toad poisons you!
You barely miss the cane toad.
You feel sick.
You scratch the cane toad but do no damage.
You claw the cane toad!
The cane toad is moderately wounded.
You feel sick.
You eviscerate the cane toad!!!
You kill the cane toad!
Okawaru accepts your kill.
You feel sick.
As you read the scroll of teleportation, it crumbles to dust.
You feel strangely unstable.
You feel sick.
You feel very sick.
Nergalle points at you and mumbles some strange words.
The bolt of negative energy hits you!!
You feel drained.
You die...

..8...††###...#####...##P######..
#.F...##..#...#..................
F#.....#.....#..#########.#######
####.......#....###.## ### ##
#...8....#........#### ##.
#.......#########..#.#### #..
...8...8.o.#######.......###..
..........#.†..##....##.......P
......8...###.@#.....##........
.##.......####.......####......
...##....÷.......### #....... ..#
###.........## #....#.. ..
##..8....## #....... #.#.÷##.P#
####....... ########.#.#..#
#.###.....# #...#
#.####.####....#...# #...#
#.#....##........###


You could see Nergalle.

Vanquished Creatures
  A hydra (Lair:1)
  A centaur warrior (D:10)
  A two-headed ogre (D:10)
  An orc knight (Arena)
  A gargoyle (D:10)
  Psyche (D:8)
  3 cane toads (Lair:1)
  2 kobold demonologists (D:10)
  3 komodo dragons
  A troll (D:9)
  A shadow (D:11)
  Sigmund (D:6)
  7 yaks
  A wyvern (D:8)
  2 basilisks
  6 water moccasins
  3 acid dragons (D:10)
  2 black bears (D:6)
  7 orc warriors
  2 ice beasts
  A sky beast (D:7)
  3 wolves (Lair:1)
  2 ogres
  5 centaurs
  2 phantoms
  A kobold brigand (D:10)
  A necrophage (D:6)
  5 scorpions
  2 elf zombies (Ossuary)
  6 bullfrogs
  34 wights
  15 killer bees
  4 howler monkeys
  3 hounds
  3 jellies
  3 gnoll shamans
  9 orc priests
  An iguana (D:6)
  Natasha (thrice) (D:4)
  13 orc wizards
  3 hound zombies (Ossuary)
  4 mummies (Ossuary)
  18 gnolls
  10 adders
  A shadow imp (D:6)
  3 white imps
  2 ufetubi
  4 worms
  2 dart slugs
  30 orcs
  2 bats (D:1)
  8 endoplasms
  6 giant cockroaches
  10 goblins
  15 hobgoblins
  A quokka (D:1)
  8 ball pythons
  3 frilled lizards
  2 hobgoblin zombies (Ossuary)
  A jackal zombie (Ossuary)
  13 kobolds
  2 kobold zombies (Ossuary)
  A quokka zombie (D:8)
  3 rats
  3 rat zombies
318 creatures vanquished.

Vanquished Creatures (others)
  9 fungi
  5 plants
14 creatures vanquished.

Grand Total: 332 creatures vanquished

Notes
Turn   | Place    | Note
-------+----------+-------------------------------------------
     0 | D:1      | Bruhh the Troll Gladiator began the quest for the Orb.
     0 | D:1      | Reached XP level 1. HP: 19/19 MP: 0/0
    23 | D:1      | Reached XP level 2. HP: 27/27 MP: 1/1
   190 | D:1      | Found a faded altar of an unknown god.
   341 | D:1      | Reached XP level 3. HP: 29/33 MP: 2/2
   671 | D:2      | Reached skill level 5 in Unarmed Combat
   671 | D:2      | Reached XP level 4. HP: 27/41 MP: 3/3
   860 | D:2      | Reached XP level 5. HP: 41/48 MP: 4/4
  1672 | D:3      | Reached XP level 6. HP: 52/55 MP: 5/5
  1857 | D:4      | Found a transporter.
  2253 | D:4      | Found a staircase to the Ecumenical Temple.
  2264 | Temple   | Entered the Ecumenical Temple
  2423 | Temple   | Became a worshipper of Warmaster Okawaru
  2575 | D:4      | Found a transporter.
  2579 | D:4      | Noticed Nedwor's ghost (novice MfFi)
  2603 | D:4      | Noticed Natasha
  2617 | D:4      | Killed Natasha
  2740 | D:4      | Reached XP level 7. HP: 61/62 MP: 6/6
  2824 | D:4      | Noticed Natasha
  2827 | D:4      | Killed Natasha
  2928 | D:5      | Entered Level 5 of the Dungeon
  3100 | D:5      | Found an opulent altar of Gozag.
  3231 | D:5      | Found a stormy altar of Qazlal.
  3300 | D:5      | Reached * piety under Okawaru
  3611 | D:6      | Found a large runed translucent door.
  3677 | D:6      | Found a large runed translucent door.
  3741 | D:6      | Reached XP level 8. HP: 51/72 MP: 7/7
  3854 | D:6      | Noticed Sigmund
  3871 | D:7      | Reached skill level 10 in Unarmed Combat
  4064 | D:7      | Gained mutation: You have large cloven feet. [potion of
                  | mutation]
  4064 | D:7      | Gained mutation: Your flesh is heat resistant. (rF+)
                  | [potion of mutation]
  4343 | D:7      | Reached ** piety under Okawaru
  4347 | D:7      | Reached skill level 5 in Fighting
  4461 | D:7      | Identified the +3 scythe of Breach {vorpal, rC- Str+8 Dex-3
                  | SInv}
  4744 | D:7      | Reached XP level 9. HP: 77/89 MP: 8/8
  4863 | D:6      | Killed Sigmund
  5444 | D:6      | Found a burning altar of Makhleb.
  5668 | D:6      | Found a radiant altar of Vehumet.
  5679 | D:6      | Found a hazy altar of Hepliaklqana.
  5878 | D:8      | Reached *** piety under Okawaru
  5956 | D:8      | Found a sand-covered staircase.
  5967 | Ossuary  | Entered an ossuary
  6392 | D:8      | Reached **** piety under Okawaru
  6404 | D:8      | Reached XP level 10. HP: 56/105 MP: 9/9
  6603 | D:8      | Noticed Psyche
  6617 | D:8      | Killed Psyche
  7178 | D:9      | Reached skill level 10 in Fighting
  7222 | D:9      | Reached skill level 1 in Invocations
  7249 | D:9      | Reached ***** piety under Okawaru
  7273 | D:9      | HP: 4/99 [wight/+3 trident of freezing (6)]
  7733 | D:9      | Reached skill level 5 in Throwing
  8221 | D:4      | Noticed Natasha
  8226 | D:4      | Killed Natasha
  9057 | D:10     | Entered Level 10 of the Dungeon
  9057 | D:10     | Noticed a two-headed ogre
  9065 | D:10     | Killed a two-headed ogre
  9066 | D:10     | Reached XP level 11. HP: 114/117 MP: 10/13
  9619 | D:10     | Received a gift from Okawaru
  9624 | D:10     | Reached skill level 5 in Invocations
  9689 | D:10     | Found a sparkling altar of Nemelex Xobeh.
  9743 | D:10     | Found a shimmering blue altar of Sif Muna.
  9910 | D:10     | Found a basalt altar of Yredelemnul.
  9957 | D:10     | Received a gift from Okawaru
 10027 | D:10     | Found a staircase to the Lair.
 10184 | D:10     | Noticed a centaur warrior
 10188 | D:10     | Noticed a centaur warrior
 10190 | D:10     | Noticed an orc knight
 10367 | D:10     | Killed a centaur warrior
 10488 | Arena    | Entered the Arena
 10496 | Arena    | Killed an orc knight
 10593 | D:10     | Identified the ring "Ofugg" {Ice rElec Int+3 Stlth+}
 10642 | D:10     | Got Sif Muna's Tome of Evil
 10768 | Lair:1   | Entered Level 1 of the Lair of Beasts
 10890 | Lair:1   | Received a gift from Okawaru
 11216 | Lair:1   | Received a gift from Okawaru
 11345 | Lair:1   | Noticed a seven-headed hydra
 11350 | Lair:1   | Killed a seven-headed hydra
 11351 | Lair:1   | Noticed Nergalle
 11497 | Lair:1   | Killed from afar by Nergalle

Illustrated notes

Levels and vault maps discovered:
D:1:      dpeg_arrival_pits, layout_rooms,
          shapermc_ecumenical_altar_mp_urbaneastern, nicolae_wormholes
D:2:      layout_rooms, grunt_ministairs_12, guppyfry_early_orc_mine
D:3:      layout_basic
D:4:      layout_loops_corners, minmay_temple_entry_antechambers,
          gammafunk_ghost_mausoleum, st_stairs_12,
          minmay_a_box_with_orc_wizards_in_it, uniq_natasha
D:5:      layout_cave_pools, nicolae_gozag_seed_capital,
          mainiacjoe_overflow_surrounded_room, kennysheep_boxes
D:6:      layout_cave_pools, jmf_multi_god_temple2, marbit_many_paths,
          serial_column_ruins, column_ruins_pillar_11, column_ruins_pillar_1,
          column_ruins_pillar_2, column_ruins_pillar_1, column_ruins_pillar_6,
          column_ruins_pillar_1, column_ruins_pillar_2, column_ruins_pillar_6,
          column_ruins_pillar_9, column_ruins_pillar_8, column_ruins_pillar_6,
          column_ruins_pillar_9, column_ruins_pillar_6, column_ruins_pillar_7,
          column_ruins_pillar_4, column_ruins_pillar_3, column_ruins_pillar_6,
          column_ruins_pillar_6, sigmund_army, uniq_sigmund
D:7:      layout_basic
D:8:      layout_basic, enter_ossuary_4, uniq_psyche
D:9:      layout_basic
D:10:     layout_irregular_city, mainiacjoe_overflow_brackets,
          nemelex_altar_shiori, nicolae_sif_muna_condensation,
          grunt_lair_entry_orc_guard_hut, minmay_pinched_square
D:11:     layout_basic, uniq_maurice
Temple:   minmay_temple_curvy_branch
Lair:1:   dreamdust_labyrinth, layout_misc_corridors, lemuel_fruit_fields,
          grunt_megastairs_4, uniq_nergalle

Skill      XL: |  1  2  3  4  5  6  7  8  9 10 11 |
---------------+----------------------------------+-----
Unarmed Combat | 4 5 6 8 9 10 | 10.0
Fighting       | 2 6 9 10 | 10.0
Throwing       | 6 8 |  8.9
Invocations    | 4 7 |  7.8
Dodging        | |  2.4

Action                   |  1- 3 |  4- 6 |  7- 9 | 10-12 || total
-------------------------+-------+-------+-------+-------++-------
Melee: Unarmed           |    73 |   173 |   279 |   339 ||   864
       Punch             |     1 |     5 |    12 |    25 ||    43
       Kick              |       |       |    42 |    95 ||   137
Throw: Boomerang         |       |       |       |    27 ||    27
       Large rock        |       |       |       |     4 ||     4
Invok: Heroism           |       |       |     1 |     6 ||     7
       Finesse           |       |       |       |     3 ||     3
       Duel              |       |       |       |     1 ||     1
Evoke: Tin of tremorston |       |       |       |     2 ||     2
  Use: Potion            |       |     1 |    10 |     7 ||    18
       Scroll            |       |       |     2 |    14 ||    16
 Stab: Sleeping          |     1 |       |       |       ||     1
Armor: Robe              |    15 |    53 |    79 |    37 ||   184
       Acid dragon scale |       |       |       |    73 ||    73
Dodge: Dodged            |    39 |    97 |   172 |   168 ||   476

Table legend: (Time is in decaauts)
 A = Elapsed time spent in this place.
 B = Non-inter-level travel time spent in this place.
 C = Inter-level travel time spent in this place.
 D = Time resting spent in this place.
 E = Time spent auto-exploring this place.
 F = Levels seen in this place.
 G = Mean time per level.
                   A        B        C        D        E       F      G
               +--------+--------+--------+--------+--------+-----+--------+
         Total |  11348 |  10491 |    857 |   1525 |   7063 |  15 |  756.5 |
       Dungeon |  10210 |   9380 |    830 |   1514 |   6191 |  11 |  928.2 |
        Temple |    181 |    155 |     26 |      0 |    153 |   1 |  181.0 |
          Lair |    718 |    718 |      0 |      0 |    575 |   1 |  718.0 |
       Ossuary |    216 |    216 |      0 |      0 |    144 |   1 |  216.0 |
         Arena |     21 |     21 |      0 |     11 |      0 |   1 |   21.0 |
               +--------+--------+--------+--------+--------+-----+--------+

Top non-repeatable levels by time:
     D:9: 1558 daAuts
     D:8: 1533 daAuts
     D:7: 1476 daAuts
    D:10: 1198 daAuts
     D:4: 1054 daAuts
     D:6: 859 daAuts
     D:2: 767 daAuts
  Lair:1: 718 daAuts
     D:5: 700 daAuts
     D:1: 583 daAuts
     D:3: 465 daAuts
 Ossuary: 216 daAuts
  Temple: 181 daAuts
   Arena: 21 daAuts
    D:11: 13 daAuts
